AoeStats
← christar123 ten

Arena

508659168Analyzed
4v4 RM · 9d ago on Sep 23, 2026· 39m 20s· 8 players
Game mode
Random Map
Map size
Large (8 player)
Population
200
Speed
Normal
Resources
Standard
Victory
Conquest
Starting age
Dark Age
Ending age
Imperial Age
RankedLock teamsTeams togetherTeam positionsShared explorationLock speedFull tech treeHidden civsTurbo modeCheats
Victory
Defeat
🇨🇳 Byzantines · China
1642
+10
🇨🇳 Khmer · China
1609
+11
🇨🇳 Turks · China
1579
+12
🇨🇳 Varangians · China
1057
+30
🇹🇼 Mongols · Taiwan
1514
-17
🇨🇳 Persians · China
1498
-16
🇬🇧 Varangians · United Kingdom
1472
-15
🇹🇼 Franks · Taiwan
1470
-15
ggsadpom,sdf
10:22 Feudal Age
14:31 Castle Age
13:06 Double-Bit Axe
14:52 Light Cavalry
24:01 Fervor
24:56 Loom
25:24 Husbandry
25:58 Sanctity
26:45 Bow Saw
27:43 Wheelbarrow
28:15 Town Watch
31:06 Imperial Age
28:59 Scale Barding Armor
29:31 Forging
30:13 Chain Barding Armor
31:35 Iron Casting
31:09 Cavalier
32:25 Plate Barding Armor
34:31 Blast Furnace
33:18 Pikeman
33:59 Squires
34:00 Scale Mail Armor
35:04 Conscription
34:59 Halberdier
36:43 Chain Mail Armor
Geo
4:50 Loom
7:33 Feudal Age
8:03 Double-Bit Axe
9:46 Fletching
12:05 Horse Collar
21:59 Castle Age
20:19 Stone Mining
20:28 Gold Mining
22:25 Wheelbarrow
26:50 Imperial Age
25:23 Bow Saw
26:08 Bodkin Arrow
27:49 Heavy Plow
31:30 Hand Cart
32:20 Bracer
33:14 Ballistics
35:49 Chemistry
35:38 Padded Archer Armor
37:36 Town Watch
37:27 Elite Mangudai
39:35 Stone Shaft Mining
38:51 Capped Ram
40:03 Bloodlines
39:53 Husbandry
梅子雨
10:25 Feudal Age
14:01 Castle Age
11:57 Double-Bit Axe
11:54 Horse Collar
19:27 Bow Saw
20:41 Heavy Plow
22:05 Wheelbarrow
22:28 Gold Mining
23:08 Stone Mining
28:02 Imperial Age
25:57 Hand Cart
25:28 Loom
26:01 Scale Barding Armor
26:56 Gold Shaft Mining
26:35 Forging
27:43 Chain Barding Armor
27:54 Bloodlines
27:41 Cavalier
28:22 Husbandry
29:06 Iron Casting
29:01 Conscription
30:08 Plate Barding Armor
30:15 Crop Rotation
35:25 Fletching
36:36 Blast Furnace
38:27 Chemistry
37:38 Scale Mail Armor
37:19 Pikeman
37:59 Squires
37:45 Arson
39:01 Chain Mail Armor
38:08 Halberdier
38:34 Arson
christar123 ten
10:25 Feudal Age
14:06 Castle Age
13:20 Loom
14:54 Forging
23:02 Double-Bit Axe
24:51 Horse Collar
26:41 Bow Saw
29:24 Wheelbarrow
32:52 Scale Mail Armor
33:27 Iron Casting
36:51 Imperial Age
36:18 Squires
35:54 Pikeman
37:03 Heavy Plow
37:13 Halberdier
38:46 Chain Mail Armor
青子
10:43 Feudal Age
14:35 Castle Age
13:31 Double-Bit Axe
13:35 Horse Collar
15:36 Wheelbarrow
16:05 Bow Saw
25:29 Wheelbarrow
24:56 Loom
29:36 Imperial Age
27:58 Hand Cart
29:00 Padded Archer Armor
29:28 Town Watch
30:01 Leather Archer Armor
32:13 Gold Mining
37:04 Ring Archer Armor
38:17 Heavy Plow
38:54 Gold Shaft Mining
38:09 Stone Mining
若梦子凡
11:12 Feudal Age
15:01 Castle Age
13:39 Double-Bit Axe
13:47 Horse Collar
20:45 Wheelbarrow
21:44 Loom
27:13 Imperial Age
25:13 Gold Mining
25:25 Scale Mail Armor
26:32 Chain Mail Armor
26:12 Stone Mining
26:34 Bow Saw
26:26 Heavy Plow
27:21 Squires
27:32 Forging
27:39 Gambesons
27:15 Elite Varangian Guard
27:24 Capped Ram
29:04 Plate Mail Armor
28:27 Arson
30:03 Iron Casting
35:43 Pikeman
36:36 Halberdier
39:19 Conscription
39:29 Fletching
心如止水
7:18 Loom
10:09 Feudal Age
10:39 Feudal Age
13:20 Castle Age
11:26 Double-Bit Axe
12:13 Horse Collar
15:59 Loom
16:24 Light Cavalry
19:24 Town Watch
19:25 Loom
21:18 Wheelbarrow
23:46 Heavy Plow
24:00 Bow Saw
24:01 Gold Mining
27:24 Imperial Age
25:53 Scale Barding Armor
25:58 Forging
26:34 Bloodlines
26:24 Husbandry
26:23 Town Watch
28:22 Chain Barding Armor
28:37 Iron Casting
29:45 Plate Barding Armor
29:26 Town Patrol
29:44 Hand Cart
29:39 Elite Battle Elephant
31:35 Iron Casting
33:58 Blast Furnace
32:26 Capped Ram
33:22 Tusk Swords
34:12 Conscription
34:28 Siege Ram
37:58 Fletching
鱼鱼口
10:21 Feudal Age
10:47 Loom
16:30 Castle Age
16:08 Stone Mining
16:04 Double-Bit Axe
25:55 Bow Saw
27:11 Gold Mining
29:35 Wheelbarrow
32:50 Imperial Age
31:42 Fortified Wall
32:40 Fletching
33:00 Scale Mail Armor
33:38 Forging
33:29 Squires
35:24 Chain Mail Armor
Connection lost

Rejoining the realm…

Still unreachable

The connection could not be restored.

Session expired

The server has moved on; the page needs a fresh start.